 Dungeon Crawl Stone Soup version 0.27.1 (webtiles) character file.

Game seed: 7799286534980422204

1097 Naeght the Slasher (level 8, -12/71 HPs)
             Began as a Minotaur Fighter on Sept 3, 2021.
             Was a Follower of Okawaru.
             Mangled by a two-headed ogre (26 damage)
             ... on level 5 of the Dungeon.
             The game lasted 00:04:12 (5719 turns).

Naeght the Slasher (Minotaur Fighter)               Turns: 5719, Time: 00:04:14

Health: -12/71     AC:  6    Str: 23    XL:     8   Next: 10%
Magic:  7/7        EV:  8    Int:  5    God:    Okawaru [*.....]
Gold:   154        SH: 11    Dex: 16    Spells: 7/7 levels left

rFire    + . .     SeeInvis .   a - +0 long sword
rCold    . . .     Faith    .   c - +0 kite shield
rNeg     . . .     Spirit   .   r - +0 ring mail {rF+}
rPois    .         Reflect  .   (helmet restricted)
rElec    .         Harm     .   (no cloak)
rCorr    .         Rampage  .   (no gloves)
Will     .....                  (no boots)
Stlth    +.........             (no amulet)
HPRegen  0.21/turn              j - +6 ring of dexterity
MPRegen  0.10/turn              (no ring)

@: no status effects
A: horns 2, retaliatory headbutt
a: Renounce Religion, Heroism


You were on level 5 of the Dungeon.
You worshipped Okawaru.
Okawaru was aware of your devotion.
You visited 2 branches of the dungeon, and saw 6 of its levels.

You collected 224 gold pieces.
You spent 70 gold pieces at shops.

Inventory:

Hand Weapons
 a - a +0 long sword (weapon)
 h - a +3 spear
Armour
 b - a +0 scale mail
 c - a +0 kite shield (worn)
 r - a +0 ring mail of fire resistance (worn)
Jewellery
 j - a +6 ring of dexterity (left hand)
Wands
 u - a wand of flame (27)
 v - a wand of digging (6)
Scrolls
 e - 10 scrolls of identify {unknown}
 f - 2 scrolls of enchant weapon {unknown}
 i - 2 scrolls of teleportation {unknown}
 k - a scroll of noise {unknown}
 l - a scroll of acquirement {unknown}
 p - 3 scrolls of magic mapping {unknown}
 s - a scroll of amnesia {unknown}
 t - a scroll of brand weapon {unknown}
 y - 2 scrolls of enchant armour {unknown}
 A - a scroll of blinking {unknown}
Potions
 d - 2 potions of might
 g - a potion of brilliance {unknown}
 m - 2 potions of heal wounds
 n - a potion of ambrosia {unknown}
 o - 2 potions of haste {unknown}
 q - 2 potions of degeneration {unknown}
 w - a potion of cancellation {unknown}
 x - a potion of invisibility {unknown}
 z - a potion of curing {unknown}


   Skills:
 + Level 6.4 Fighting
 * Level 7.4 Long Blades
 + Level 6.3 Armour
 + Level 6.2 Shields


You had 7 spell levels left.
You didn't know any spells.
Your spell library contained the following spells:

 Spells                   Type           Power      Damage    Failure   Level
 Magic Dart               Conj           0%         1d3       94%         1
 Corpse Rot               Necr/Air       N/A        N/A       98%         2
 Poisonous Vapours        Pois/Air       0%         N/A       98%         2
 Searing Ray              Conj           0%         3d3       98%         2
 Fulminant Prism          Conj/Hex       0%         3d6       100%        4
 Freezing Cloud           Conj/Ice/Air   0%         6-21      100%        5


Dungeon Overview and Level Annotations

Branches:
Dungeon (5/15)             Temple (1/1) D:4

Altars:
Ashenzari
Cheibriados
Dithmenos
Fedhas
Gozag
Kikubaaqudgha
Makhleb
Nemelex Xobeh
Okawaru
Qazlal
Ru
Sif Muna
Vehumet
Wu Jian
Xom

Shops:
D:2 !

Annotations:
D:5 Menkaure


Innate Abilities, Weirdness & Mutations

You have a pair of horns on your head.
You reflexively headbutt those who attack you in melee.


Message History

Found 16 gold pieces.
You now have 154 gold pieces (gained 16).
Found a bronze ring.
No target in view!
A two-headed ogre and Menkaure come into view.
Menkaure shouts!
The two-headed ogre shouts in stereo!
There are monsters nearby!
Found a stone staircase leading down.
There are monsters nearby!
You slash the two-headed ogre! You headbutt the two-headed ogre!
The two-headed ogre is heavily wounded.
You block the two-headed ogre's attack. The two-headed ogre closely misses you.
There are monsters nearby!
You hit the two-headed ogre.
The two-headed ogre is heavily wounded.
The two-headed ogre hits you with a +0 giant spiked club!!
The two-headed ogre closely misses you.
There are monsters nearby!
You hit the two-headed ogre but do no damage.
Your headbutt misses the two-headed ogre.
The two-headed ogre is heavily wounded.
The two-headed ogre hits you with a +0 giant spiked club!
You block the two-headed ogre's attack.
There are monsters nearby!
You are too injured to fight recklessly!
There are monsters nearby!
You are too injured to fight recklessly!
There are monsters nearby!
There are monsters nearby!
You are too injured to fight recklessly!
There are monsters nearby!
You are too injured to fight recklessly!
You hit the two-headed ogre but do no damage.
You headbutt the two-headed ogre!
The two-headed ogre is severely wounded.
Menkaure calls on the powers of darkness!
The two-headed ogre convulses!
Your body is wracked with pain!
* * * LOW HITPOINT WARNING * * *
The two-headed ogre hits you with a +0 giant spiked club!!
You die...

........# #....#
######### # #...#
##.#.# .....# #.
#...# #...# ####.##
#.##...#### ###.#
##...#####........>
#.#
#.>...............
#.. #....# #.......
##. #<# #..MO# #.
#.# #...@# #. #.#
#=...###### #. #.#
#.#.......# #. #.#
# #######.# #. #.#
#.# #. #.# ###.
#.#### ####. #..
... #####....#
#.... ...
#........# #.### #.
#.# #.######## #.#


You could see a two-headed ogre and Menkaure.

Vanquished Creatures
  Grinder (D:5)
  An ice beast (D:3)
  A sky beast (D:3)
  2 ogres
  A phantom (D:5)
  2 bullfrogs
  2 hounds (D:5)
  2 orc priests
  An iguana (D:5)
  An orc wizard (D:5)
  A hound skeleton (D:5)
  3 gnolls (D:3)
  4 adders
  3 worms
  A dart slug (D:1)
  11 orcs
  6 ball pythons
  5 endoplasms
  A giant cockroach (D:2)
  5 goblins
  5 hobgoblins
  6 jackals
  4 kobolds
  4 quokkas
  3 bats
  6 frilled lizards
  2 rats (D:1)
84 creatures vanquished.

Vanquished Creatures (others)
  2 plants (D:5)
2 creatures vanquished.

Grand Total: 86 creatures vanquished

Notes
Turn   | Place    | Note
-------+----------+-------------------------------------------
     0 | D:1      | Naeght the Minotaur Fighter began the quest for the Orb.
     0 | D:1      | Reached XP level 1. HP: 19/19 MP: 0/0
   591 | D:1      | Reached XP level 2. HP: 22/27 MP: 1/1
  1296 | D:2      | Reached XP level 3. HP: 19/33 MP: 2/2
  1523 | D:2      | Reached skill level 3 in Long Blades
  1737 | D:2      | Found Jim Hiqu's Distillery.
  1787 | D:2      | Bought a potion of heal wounds for 70 gold pieces
  2075 | D:3      | Noticed a sky beast
  2092 | D:3      | Killed a sky beast
  2093 | D:3      | Reached skill level 4 in Long Blades
  2093 | D:3      | Reached XP level 4. HP: 8/41 MP: 3/3
  2093 | D:3      | Reached XP level 5. HP: 9/47 MP: 4/4
  2781 | D:3      | Reached skill level 5 in Fighting
  2897 | D:3      | Found a shimmering blue altar of Sif Muna.
  3106 | D:3      | Reached XP level 6. HP: 51/56 MP: 5/5
  3151 | D:3      | Noticed an ice beast
  3160 | D:3      | Killed an ice beast
  3161 | D:3      | Reached skill level 5 in Long Blades
  3161 | D:3      | Reached skill level 5 in Armour
  3161 | D:3      | Reached skill level 5 in Shields
  4056 | D:4      | Found a staircase to the Ecumenical Temple.
  4175 | D:4      | Found a sacrificial altar of Ru.
  4427 | D:4      | Found an ornate altar of the Wu Jian Council.
  4717 | D:5      | Entered Level 5 of the Dungeon
  4745 | Temple   | Entered the Ecumenical Temple
  4948 | Temple   | Became a worshipper of Warmaster Okawaru
  4986 | D:5      | Noticed Grinder
  4990 | D:5      | Reached XP level 7. HP: 55/61 MP: 6/6
  4993 | D:5      | Paralysed by Grinder for 3 turns
  5006 | D:5      | Killed Grinder
  5007 | D:5      | Reached skill level 6 in Long Blades
  5237 | D:5      | Found an opulent altar of Gozag.
  5291 | D:5      | Found a blossoming altar of Fedhas.
  5345 | D:5      | Found a burning altar of Makhleb.
  5411 | D:5      | Reached * piety under Okawaru
  5419 | D:5      | Reached skill level 7 in Long Blades
  5499 | D:5      | Reached XP level 8. HP: 62/70 MP: 7/7
  5713 | D:5      | Noticed Menkaure
  5713 | D:5      | Noticed a two-headed ogre
  5719 | D:5      | Mangled by a two-headed ogre

Illustrated notes

Levels and vault maps discovered:
D:1:      dpeg_arrival_central, layout_loops_ring
D:2:      minmay_recursive_quarters, layout_basic, serial_shops, shop,
          hangedman_feature_mirror
D:3:      layout_basic, mainiacjoe_overflow_small_starburst, interstate_on_off,
          glass_columns_a, kennysheep_generic_room_2
D:4:      layout_basic, mainiacjoe_overflow_concentric_impassable,
          mainiacjoe_overflow_six_doors_small, minmay_temple_entry_large_hall
D:5:      layout_loops_ring, mainiacjoe_overflow_chevrons,
          grunt_gozag_breadcrumbs, mainiacjoe_overflow_tiny_flanked,
          wad_woods_river_04, kennysheep_generic_room_15, uniq_menkaure,
          uniq_grinder
Temple:   compressed_dpeg_triangle_lava_temple

Skill      XL: |  1  2  3  4  5  6  7 |
---------------+----------------------+-----
Fighting       | 4 5 6 |  6.4
Shields        | 4 5 6 |  6.2
Long Blades    | 4 5 7 |  7.4
Armour         | 4 5 6 |  6.3

Action                   |  1- 3 |  4- 6 |  7- 9 || total
-------------------------+-------+-------+-------++-------
Melee: Long sword        |    13 |    81 |    59 ||   153
       Spear             |    75 |       |       ||    75
       Headbutt          |    10 |    17 |    16 ||    43
Armor: Scale mail        |    25 |    27 |       ||    52
       Ring mail         |       |     9 |    18 ||    27
Dodge: Dodged            |    10 |    33 |    19 ||    62
Block: Kite shield       |    25 |    41 |    26 ||    92
       Rpst.: Long sword |     1 |     6 |     8 ||    15
